AoeStats
← 玩印度的哥们硬不起来

Lombardia

509589467Analyzed
4v4 RM · 5d ago on Sep 27, 2026· 45m 41s· 8 players
Game mode
Random Map
Map size
Large (8 player)
Population
200
Speed
Normal
Resources
Standard
Victory
Conquest
Starting age
Dark Age
Ending age
Imperial Age
RankedLock teamsTeams togetherTeam positionsShared explorationLock speedFull tech treeHidden civsTurbo modeCheats
Victory
Defeat
🇳🇱 Teutons · Netherlands
1563
+12
🇬🇧 Burmese · United Kingdom
1523
+13
🇦🇺 Saracens · Australia
1486
+15
1441
+17
🇦🇺 Magyars · Australia
1601
-21
🇮🇳 Mongols · India
1419
-12
🇨🇳 Lithuanians · China
1417
-12
🇻🇳 Inca · Vietnam
1413
-12
玩印度的哥们硬不起来
5:27 Loom
8:45 Feudal Age
9:28 Double-Bit Axe
11:32 Horse Collar
17:01 Wheelbarrow
20:15 Castle Age
21:24 Bow Saw
21:17 Heavy Plow
23:25 Town Watch
25:10 Hand Cart
28:15 Gold Mining
31:43 Gold Shaft Mining
31:00 Stone Mining
34:42 Imperial Age
33:53 Scale Barding Armor
33:58 Forging
34:13 Bloodlines
34:03 Husbandry
36:34 Two-Man Saw
35:00 Siege Elephant
35:02 Heavy Camel Rider
36:04 Chain Barding Armor
36:20 Iron Casting
36:51 Chemistry
35:58 Grand Trunk Road
37:06 Imperial Camel Rider
39:26 Plate Barding Armor
39:29 Scale Mail Armor
40:29 Blast Furnace
40:33 Fletching
40:52 Padded Archer Armor
GrimLOL
8:47 Feudal Age
8:57 Loom
11:35 Scale Barding Armor
13:13 Forging
18:16 Horse Collar
20:58 Castle Age
19:19 Gold Mining
22:33 Wheelbarrow
22:02 Heavy Plow
25:41 Fervor
26:06 Hand Cart
27:53 Town Watch
30:45 Imperial Age
28:51 Fletching
29:48 Chain Barding Armor
30:12 Stone Mining
31:08 Fletching
32:29 Plate Barding Armor
32:29 Iron Casting
32:17 Husbandry
32:27 Bloodlines
33:44 Conscription
33:25 Howdah
33:57 Bodkin Arrow
35:07 Gold Shaft Mining
34:16 Elite Battle Elephant
37:10 Blast Furnace
37:34 Siege Engineers
37:56 Bodkin Arrow
38:24 Ballistics
37:48 Treadmill Crane
38:20 Masonry
38:56 Scale Mail Armor
39:37 Light Cavalry
40:43 Murder Holes
42:00 Gold Shaft Mining
41:09 Hussar
42:42 Bodkin Arrow
43:38 Capped Ram
44:51 Bracer
45:53 Chemistry
Salicum
5:04 Loom
22:33 Feudal Age
22:59 Feudal Age
24:30 Double-Bit Axe
24:26 Horse Collar
27:03 Castle Age
25:26 Stone Mining
28:54 Wheelbarrow
33:38 Bow Saw
33:59 Heavy Plow
36:03 Hand Cart
36:05 Gold Mining
41:17 Imperial Age
39:49 Scale Mail Armor
40:46 Chain Mail Armor
40:53 Forging
40:11 Pikeman
41:29 Onager
42:25 Squires
42:11 Arson
42:39 Siege Engineers
43:14 Plate Mail Armor
43:47 Two-Man Saw
43:50 Iron Casting
43:51 Guilds
44:17 Halberdier
44:35 Siege Onager
46:37 Blast Furnace
jwL
10:17 Feudal Age
14:46 Castle Age
12:35 Loom
13:47 Double-Bit Axe
13:44 Horse Collar
15:59 Bow Saw
20:10 Heavy Plow
21:29 Wheelbarrow
21:27 Gold Mining
23:00 Hand Cart
22:58 Stone Mining
23:38 Town Watch
29:44 Imperial Age
27:42 Ballistics
27:36 Forging
28:43 Gold Shaft Mining
28:21 Husbandry
28:32 Bloodlines
28:32 Scale Barding Armor
29:17 Iron Casting
29:11 Murder Holes
29:52 Chain Barding Armor
30:20 Ballistics
31:40 Blast Furnace
31:16 Plate Barding Armor
31:13 Masonry
31:02 Fletching
32:01 Conscription
31:22 Elite Mameluke
33:50 Two-Man Saw
32:52 Light Cavalry
34:21 Bodkin Arrow
35:48 Chemistry
35:05 Hussar
36:32 Caravan
36:36 Devotion
37:22 Capped Ram
38:35 Bracer
41:39 Padded Archer Armor
42:03 Scale Mail Armor
42:06 Squires
41:26 Pikeman
44:02 Siege Engineers
44:20 Counterweights
44:59 Arson
Broken Angel
11:02 Feudal Age
9:55 Loom
15:08 Castle Age
12:58 Double-Bit Axe
15:59 Bow Saw
20:23 Horse Collar
23:43 Wheelbarrow
24:57 Gold Mining
24:58 Stone Mining
26:19 Hand Cart
25:49 Town Watch
27:05 Gold Shaft Mining
30:15 Imperial Age
28:34 Fletching
29:17 Heavy Plow
30:27 Bodkin Arrow
30:47 Bloodlines
30:37 Husbandry
30:22 Elite Mangudai
31:30 Conscription
31:55 Ballistics
32:25 Thumb Ring
32:45 Parthian Tactics
32:25 Bracer
32:49 Padded Archer Armor
34:11 Chemistry
32:46 Light Cavalry
34:19 Hoardings
34:39 Leather Archer Armor
34:30 Scale Barding Armor
36:08 Fortified Wall
36:42 Chain Barding Armor
36:45 Forging
36:18 Hussar
39:04 Iron Casting
39:41 Siege Engineers
39:46 Masonry
42:00 Drill
41:49 Capped Ram
42:39 Nomads
45:14 Blast Furnace
44:10 Murder Holes
43:42 Elite Steppe Lancer
姬七兮
10:43 Feudal Age
9:00 Loom
12:57 Double-Bit Axe
18:17 Horse Collar
20:58 Castle Age
25:13 Bow Saw
26:49 Fervor
26:29 Town Watch
27:20 Wheelbarrow
27:38 Wheelbarrow
27:33 Heavy Plow
34:27 Imperial Age
32:25 Scale Barding Armor
32:30 Forging
32:43 Gold Mining
33:36 Husbandry
34:53 Hand Cart
36:05 Chain Barding Armor
35:55 Forging
35:46 Elite Leitis
38:36 Plate Barding Armor
38:11 Forging
39:38 Conscription
39:33 Stone Mining
40:47 Iron Casting
41:50 Stone Shaft Mining
gianghodd01
8:12 Loom
10:46 Feudal Age
20:04 Wheelbarrow
22:58 Castle Age
21:13 Double-Bit Axe
21:04 Champi Runner
21:53 Scale Mail Armor
22:00 Horse Collar
23:21 Arson
23:01 Champi Warrior
24:16 Squires
31:03 Chain Mail Armor
40:51 Pikeman
ResonanceFreq
8:22 Feudal Age
8:43 Loom
12:58 Double-Bit Axe
16:33 Horse Collar
16:46 Town Watch
Connection lost

Rejoining the realm…

Still unreachable

The connection could not be restored.

Session expired

The server has moved on; the page needs a fresh start.